 Dungeon Crawl Stone Soup version 0.30.0 (webtiles) character file.

Game seed: 16523540313420307033

1941 marwff the Covert (level 8, 0/41 HPs)
             Began as a Deep Elf Conjurer on May 31, 2023.
             Was a Priest of Vehumet.
             Killed from afar by a steam dragon (6 damage)
             ... with a ball of steam
             ... on level 7 of the Dungeon.
             The game lasted 00:27:55 (8111 turns).

marwff the Covert (Deep Elf Conjurer)               Turns: 8111, Time: 00:27:56

Health: 0/41       AC:  5    Str:  4    XL:     8   Next: 98%
Magic:  15/20      EV: 14    Int: 32    God:    Vehumet [***...]
Gold:   283        SH:  0    Dex: 13    Spells: 18/21 levels left

rFire   . . .        c - +0 dagger (venom)
rCold   . . .        (no shield)
rNeg    . . .        a - +0 robe
rPois   .            (no helmet)
rElec   .            (no cloak)
rCorr   .            m - +0 pair of gloves
SInv    .            D - +1 pair of boots
Will    .....        G - amulet of faith
Stlth   ++++         v - +6 ring of intelligence
HPRegen 0.26/turn    (no ring)
MPRegen 0.17/turn

%: faith
@: no status effects
A: no striking features
a: Renounce Religion


You were on level 7 of the Dungeon.
You worshipped Vehumet.
Vehumet was most pleased with you.
You visited 2 branches of the dungeon, and saw 8 of its levels.
You also visited: Sewer.

You collected 283 gold pieces.

Inventory:

Hand Weapons
 c - a +0 dagger of venom (weapon)
Missiles
 I - 8 poisoned darts
Armour
 a - a +0 robe (worn)
 m - a +0 pair of gloves (worn)
 D - a +1 pair of boots (worn)
Jewellery
 v - a +6 ring of intelligence (left hand)
 y - an amulet of the acrobat
 B - an amulet of reflection
 G - an amulet of faith (around neck)
Wands
 q - a wand of roots (12)
 s - a wand of polymorph (10)
Scrolls
 d - a scroll of fog {unknown}
 e - 2 scrolls of noise {unknown}
 f - 6 scrolls of identify {unknown}
 h - 4 scrolls of teleportation {unknown}
 k - 2 scrolls of poison {unknown}
 o - a scroll of vulnerability {unknown}
 r - 2 scrolls of magic mapping {unknown}
 w - 2 scrolls of amnesia {unknown}
 A - 4 scrolls of blinking
 F - a scroll of enchant armour {unknown}
 H - a scroll of enchant weapon {unknown}
Potions
 b - a potion of magic
 g - 2 potions of brilliance {unknown}
 i - 2 potions of flight {unknown}
 j - 3 potions of attraction {unknown}
 l - a potion of degeneration {unknown}
 n - 2 potions of lignification {unknown}
 p - 3 potions of curing {unknown}
 t - a potion of invisibility {unknown}
 u - 2 potions of ambrosia {unknown}
 x - a potion of might {unknown}
 z - a potion of cancellation {unknown}
 C - 3 potions of mutation {unknown}
 E - a potion of heal wounds {unknown}


   Skills:
 + Level 5.9 Dodging
 - Level 10.0 Stealth
 - Level 7.1 Spellcasting
 - Level 7.9 Conjurations


You had 18 spell levels left.
You knew the following spells:

 Your Spells              Type           Power      Damage    Failure   Level
a - Magic Dart            Conj           100%       1d8       1%          1
b - Searing Ray           Conj           100%       2d8       1%          2

Your spell library contained the following spells:

 Spells                   Type           Power      Damage    Failure   Level
 Mephitic Cloud           Conj/Pois/Air  28%        N/A       1%          3
 Poisonous Vapours        Pois/Air       22%        N/A       1%          2
 Dazzling Flash           Conj/Hex       74%        N/A       1%          3
 Fulminant Prism          Conj/Hex       18%        3d10      2%          4
 Iskenderun's Mystic Bla  Conj/Tloc      37%        2d9       2%          4
 Sting                    Tmut/Pois      44%        1d5       4%          1
 Olgreb's Toxic Radiance  Pois           11%        N/A       11%         4
 Agony                    Necr           11%        N/A       75%         5
 Silence                  Hex/Air        5%         N/A       75%         5


Dungeon Overview and Level Annotations

Branches:
Dungeon (7/15)             Temple (1/1) D:4           Sewer (visited)

Altars:
Ashenzari
Cheibriados
Elyvilon
Fedhas
Gozag
Kikubaaqudgha
Nemelex Xobeh
Okawaru
Ru
Uskayaw
Vehumet
Wu Jian
Xom
Yredelemnul
Lugonu

Portals:
Abyss: D:6

Annotations:
D:5 3 runed translucent doors, ChinnyChinChin's ghost, amateur OpTm


Message History

You feel your attacks grow feeble.
Casting: Magic Dart (safe; 1% risk of failure)
Confirm with . or Enter, or press ? or * to list all spells.
Aiming: Searing Ray (safe; 1% risk of failure)
Press: ? - help, Shift-Dir - straight line, f/p - gnoll bouda
Aim: a gnoll bouda, wielding a +0 club and wearing a +0 leather armour (severely wounded, 85% to hit)
The searing ray hits the gnoll bouda.
You kill the gnoll bouda!
Vehumet accepts your kill.
Vehumet is now aiding your destructive spells. (Press . to maintain the ray.)
The searing ray hits the steam dragon!
The steam dragon is moderately wounded.
A gnoll comes into view. It is wielding a +0 club.
The steam dragon breathes steam at you. The ball of steam hits you!!
* * * LOW HITPOINT WARNING * * *
The gnoll moves out of view.
You are engulfed in a cloud of scalding steam.
* * * LOW HITPOINT WARNING * * *
You are engulfed in a cloud of scalding steam.
* * * LOW HITPOINT WARNING * * *
Aiming: Fastroot
Press: ? - help, Shift-Dir - straight line, f - steam dragon
Aim: a steam dragon (moderately wounded)
Okay, then.
Aiming: Polymorph
Press: ? - help, Shift-Dir - straight line, f - steam dragon
Aim: a steam dragon (moderately wounded, will become a swamp drake, a killer bee, or a wyvern, chance to affect: 49%)
Okay, then.
Aiming: Fastroot
Press: ? - help, Shift-Dir - straight line, f - steam dragon
Aim: a steam dragon (moderately wounded)
The roots erupt in riotous growth!
Roots grab the steam dragon.
Your attacks no longer feel as feeble.
The grasping roots constrict the steam dragon.
The steam dragon breathes steam at you. The ball of steam hits you.
You die...

###g# #D# #§# #§# ## #D#
..## #.# ....# #§# .....#
#§# .......##@# ##########
...........# ####.......##
#..........#
##........)...
#...####..###........>....
#...###..##..............
#....#..#.............<)
#......................
##..................#..
##.##..............#..


There were no monsters in sight!

Vanquished Creatures
  Grinder (D:3)
  Edmund (D:6)
  An orc warrior (D:6)
  An ice beast (D:6)
  A boggart (D:4)
  A black bear (D:5)
  A kobold brigand (D:6)
  3 phantoms (D:5)
  3 bullfrogs
  3 hounds
  4 jellies
  3 orc priests
  A gnoll bouda (D:7)
  A sleepcap (D:4)
  Jessica (D:3)
  3 iguanas
  Natasha (thrice) (D:3)
  A gnoll (D:7)
  6 adders
  2 river rats (D:6)
  3 ufetubi
  4 worms
  2 dart slugs
  4 orcs
  18 endoplasms
  12 giant cockroaches
  3 goblins
  7 hobgoblins
  8 quokkas
  16 ball pythons
  3 bats
  12 frilled lizards
  11 kobolds
  18 rats
  A lurking horror (D:6)
163 creatures vanquished.

Notes
Turn   | Place    | Note
-------+----------+-------------------------------------------
     0 | D:1      | marwff the Deep Elf Conjurer began the quest for the Orb.
     0 | D:1      | Reached XP level 1. HP: 10/10 MP: 6/6
   339 | D:1      | Reached XP level 2. HP: 15/15 MP: 5/8
   772 | D:1      | Reached skill level 5 in Conjurations
  1205 | D:2      | Reached XP level 3. HP: 19/19 MP: 5/10
  1208 | D:2      | Learned a level 2 spell: Searing Ray
  1642 | D:2      | Found a faded altar of an unknown god.
  1787 | D:3      | Noticed Jessica
  1793 | D:3      | Killed Jessica
  1794 | D:3      | Reached XP level 4. HP: 24/24 MP: 3/12
  2335 | D:3      | Noticed Grinder
  2341 | D:3      | Killed Grinder
  2342 | D:3      | Reached skill level 5 in Spellcasting
  2342 | D:3      | Reached XP level 5. HP: 25/28 MP: 5/15
  2342 | D:3      | Reached XP level 6. HP: 29/32 MP: 5/16
  2539 | D:3      | Noticed Natasha
  2547 | D:3      | Killed Natasha
  2598 | D:3      | Noticed Natasha
  2607 | D:3      | Killed Natasha
  2624 | D:3      | Noticed Natasha
  2629 | D:3      | Killed Natasha
  3414 | D:4      | Reached XP level 7. HP: 36/36 MP: 11/18
  3612 | D:4      | Found a staircase to the Ecumenical Temple.
  3621 | Temple   | Entered the Ecumenical Temple
  3667 | Temple   | Became a worshipper of Vehumet
  3783 | D:4      | Reached skill level 3 in Stealth
  3972 | D:5      | Entered Level 5 of the Dungeon
  4047 | D:5      | Found a runed translucent gate.
  4047 | D:5      | Found a runed translucent gate.
  4169 | D:5      | Found a runed translucent gate.
  4206 | D:6      | Found a one-way gate to the infinite horrors of the Abyss.
  4208 | D:6      | Found a corrupted altar of Lugonu.
  4399 | D:6      | Reached skill level 4 in Stealth
  4403 | D:6      | Found a glowing drain.
  4427 | Sewer    | Entered a sewer
  4486 | Sewer    | Reached * piety under Vehumet
  4486 | Sewer    | Offered knowledge of Freeze by Vehumet.
  5183 | Sewer    | Reached ** piety under Vehumet
  5228 | Sewer    | Offered knowledge of Scorch by Vehumet.
  5545 | Sewer    | Reached skill level 5 in Stealth
  5716 | D:5      | Noticed ChinnyChinChin's ghost (amateur OpTm)
  5737 | D:5      | Reached skill level 6 in Stealth
  5817 | D:5      | Reached XP level 8. HP: 40/41 MP: 12/20
  5873 | D:5      | Reached skill level 7 in Stealth
  5974 | D:5      | Reached skill level 8 in Stealth
  6695 | D:6      | Found a snail-covered altar of Cheibriados.
  6730 | D:6      | Reached skill level 9 in Stealth
  7003 | D:6      | Noticed Edmund
  7031 | D:6      | Killed Edmund
  7032 | D:6      | Reached skill level 10 in Stealth
  7295 | D:6      | Reached skill level 5 in Dodging
  7663 | D:7      | Offered knowledge of Mephitic Cloud by Vehumet.
  8106 | D:7      | Reached *** piety under Vehumet
  8111 | D:7      | Killed from afar by a steam dragon

Illustrated notes

Levels and vault maps discovered:
D:1:      ncdulo_wetmaze, layout_loops_corners, minmay_rat_gold_closets
D:2:      layout_rooms, shapermc_ecumenical_altar_totnotflames,
          grunt_decor_junction
D:3:      layout_rooms, uniq_natasha, uniq_jessica, uniq_grinder
D:4:      layout_basic, minmay_temple_entry_nine_rooms
D:5:      layout_loops_ring, gammafunk_ghost_split,
          eino_small_chamber_without_monster, minmay_tree_intersection,
          nicolae_eternal_life, hex_large
D:6:      layout_basic, mainiacjoe_overflow_paths, lightli_sewer_entry_pipes,
          amcnicky_altar_lugonu_corruption, uniq_edmund
D:7:      layout_cave_pods, serial_column_ruins, column_ruins_hut,
          column_ruins_square_medium, column_ruins_corridor_water,
          column_ruins_grid_1, column_ruins_corridor_straight,
          column_ruins_corridor_dead_end, gammafunk_ghost_berserking_beasts
Temple:   nicolae_temple_ecumenical_triangle

Skill      XL: |  1  2  3  4  5  6  7  8 |
---------------+-------------------------+-----
Conjurations   | 5 7 |  7.9
Spellcasting   | 4 5 6 7 |  7.1
Stealth        | 6 10 | 10.0
Dodging        | 5 |  5.9

Action                     |  1- 3 |  4- 6 |  7- 9 || total
---------------------------+-------+-------+-------++-------
  Melee: Dagger            |    10 |     1 |     9 ||    20
   Cast: Magic Dart        |    50 |    56 |   170 ||   276
         Searing Ray       |     1 |     8 |    41 ||    50
  Evoke: Wand              |       |     3 |     2 ||     5
   Stab: Sleeping          |     5 |     1 |     3 ||     9
 Armour: Robe              |       |     2 |     6 ||     8
  Dodge: Dodged            |     9 |     2 |    26 ||    37
  Block: Other             |       |       |     1 ||     1
